AoeStats
← meditator27

Arena

508989325Analyzed
2v2 RM · 6d ago on Sep 25, 2026· 37m 9s· 4 players
Game mode
Random Map
Map size
Medium (4 player)
Population
200
Speed
Normal
Resources
Standard
Victory
Conquest
Starting age
Dark Age
Ending age
Imperial Age
RankedLock teamsTeams togetherTeam positionsShared explorationLock speedFull tech treeHidden civsTurbo modeCheats
Victory
Defeat
🇦🇷 Italians · Argentina
1319
+13
🇦🇷 Lithuanians · Argentina
1233
+15
🇦🇷 Khmer · Argentina
1262
-15
🇹🇼 Bohemians · Taiwan
1217
-13
Nailujj28
9:46 Feudal Age
13:11 Castle Age
11:27 Double-Bit Axe
12:54 Horse Collar
14:11 Loom
15:04 Wheelbarrow
15:22 Wheelbarrow
14:35 Town Watch
14:36 Loom
16:30 Loom
18:45 Bow Saw
22:29 Fletching
22:39 Padded Archer Armor
22:04 Elite Skirmisher
22:51 Fletching
23:01 Padded Archer Armor
22:51 Fletching
23:01 Padded Archer Armor
24:52 Hand Cart
26:18 Ballistics
26:06 Bodkin Arrow
26:26 Leather Archer Armor
26:18 Scale Barding Armor
26:23 Forging
26:18 Scale Barding Armor
26:47 Gold Mining
27:17 Town Watch
30:58 Imperial Age
29:02 Town Patrol
29:54 Leather Archer Armor
30:57 Light Cavalry
31:47 Bloodlines
32:01 Chain Barding Armor
32:16 Iron Casting
32:01 Chain Barding Armor
32:05 Conscription
33:21 Ring Archer Armor
32:52 Bracer
33:22 Ring Archer Armor
32:52 Bracer
36:03 Blast Furnace
35:38 Plate Barding Armor
36:03 Blast Furnace
35:38 Plate Barding Armor
34:34 Light Cavalry
37:10 Chemistry
36:52 Gold Shaft Mining
36:22 Husbandry
meditator27
10:44 Feudal Age
12:38 Double-Bit Axe
15:03 Castle Age
12:59 Horse Collar
16:09 Bow Saw
16:16 Heavy Plow
19:37 Loom
21:10 Wheelbarrow
24:37 Hand Cart
29:04 Imperial Age
26:02 Pikeman
26:46 Scale Mail Armor
26:56 Forging
28:07 Chain Mail Armor
29:16 Halberdier
31:19 Two-Man Saw
32:07 Chemistry
33:36 Squires
34:55 Iron Casting
34:51 Plate Mail Armor
36:15 Conscription
36:23 Arson
enzopasq13
10:03 Feudal Age
13:31 Castle Age
12:07 Double-Bit Axe
12:05 Horse Collar
22:54 Bow Saw
23:22 Wheelbarrow
24:20 Heavy Plow
28:16 Imperial Age
25:33 Town Watch
25:34 Loom
27:01 Scale Barding Armor
27:07 Forging
27:23 Bloodlines
27:14 Husbandry
28:59 Chain Barding Armor
29:21 Iron Casting
31:31 Plate Barding Armor
31:21 Fletching
32:49 Conscription
33:15 Bodkin Arrow
33:22 Padded Archer Armor
33:06 Elite Leitis
33:29 Elite Skirmisher
35:48 Tower Shields
35:50 Bracer
36:06 Leather Archer Armor
36:14 Ballistics
36:55 Chemistry
ojoalcojo
9:42 Feudal Age
14:25 Castle Age
14:13 Double-Bit Axe
16:01 Fletching
20:09 Bodkin Arrow
28:29 Imperial Age
25:54 Loom
25:52 Horse Collar
27:13 Ballistics
27:15 Padded Archer Armor
29:03 Leather Archer Armor
30:28 Chemistry
30:09 Bracer
34:05 Wheelbarrow
36:23 Ring Archer Armor
Connection lost

Rejoining the realm…

Still unreachable

The connection could not be restored.

Session expired

The server has moved on; the page needs a fresh start.